 Dungeon Crawl Stone Soup version 0.22.1-1-ga44c0e5 (webtiles) character file.

1147 lysyklops the Covered (level 8, -3/71 HPs)
             Began as a Minotaur Fighter on Sept 22, 2018.
             Was a Follower of Makhleb.
             Killed from afar by Sigmund (7 damage)
             ... with a magic dart
             ... on level 5 of the Dungeon.
             The game lasted 00:09:03 (3936 turns).

lysyklops the Covered (Minotaur Fighter)            Turns: 3936, Time: 00:09:03

Health: -3/71      AC:  9    Str: 23    XL:     8   Next: 15%
Magic:  7/7        EV:  8    Int:  5    God:    Makhleb [*.....]
Gold:   285        SH:  0    Dex: 10    Spells: 7/7 levels left

rFire    . . .     SeeInvis .   K - +0 broad axe
rCold    . . .     Gourm    .   c - +0 shield
rNeg     . . .     Faith    .   b - +0 scale mail
rPois    .         Spirit   .   (helmet restricted)
rElec    .         Reflect  .   (no cloak)
rCorr    .         Harm     .   (no gloves)
MR       .....                  C - +0 pair of boots
Stlth    ..........             (no amulet)
HPRegen  0.21/turn              (no ring)
MPRegen  0.10/turn              (no ring)

@: confused
A: retaliatory headbutt, horns 2
a: Renounce Religion


You were on level 5 of the Dungeon.
You worshipped Makhleb.
Makhleb was aware of your devotion.
You were very hungry.

You visited 1 branch of the dungeon, and saw 5 of its levels.
You also visited: Sewer.

You collected 285 gold pieces.

Inventory:

Hand Weapons
 a - a +0 war axe
 K - a +0 broad axe (weapon)
Armour
 b - a +0 scale mail (worn)
 c - a +0 shield (worn)
 y - a +0 troll leather armour {Purgy}
 C - a +0 pair of boots (worn)
 G - the +3 ring mail of Xorgho Oclo {Str+2, unknown}
   (You found it on level 4 of the Dungeon)

   It affects your strength (+2).
Jewellery
 p - a +4 ring of strength {unknown}
 B - an uncursed ring of ice {unknown}
 F - a cursed ring of attention {unknown}
 J - a +3 ring of evasion {unknown}
Wands
 n - a wand of acid (11)
 I - a wand of paralysis (18)
Scrolls
 h - a scroll of noise {unknown}
 i - 3 scrolls of blinking {unknown}
 m - a scroll of enchant armour {unknown}
 s - a scroll of fog {unknown}
 t - 3 scrolls of identify {unknown}
 u - 2 scrolls of remove curse {unknown}
 x - 3 scrolls of teleportation {unknown}
 A - a scroll of brand weapon {unknown}
 H - a scroll of magic mapping {unknown}
Potions
 d - 4 potions of might
 e - a potion of haste {unknown}
 g - 4 potions of curing {unknown}
 j - 2 potions of brilliance {unknown}
 k - a potion of magic {unknown}
 l - 4 potions of lignification {unknown}
 o - 3 potions of degeneration {unknown}
 q - 2 potions of invisibility {unknown}
 r - a potion of resistance {unknown}
 v - a potion of cancellation {unknown}
 w - a potion of heal wounds {unknown}
 z - 2 potions of ambrosia {unknown}
 D - a potion of berserk rage {unknown}
 E - a potion of flight {unknown}
Comestibles
 f - 11 rations


   Skills:
 + Level 6.7 Fighting
 + Level 6.2 Axes
 + Level 7.0 Armour
 + Level 6.6 Shields


You had 7 spell levels left.
You didn't know any spells.
Your spell library was empty.

Dungeon Overview and Level Annotations

Branches:
Dungeon (5/15)
 Temple: D:4-7

Altars:
Ashenzari
Makhleb
Yredelemnul

Annotations:
D:5 Sigmund


Innate Abilities, Weirdness & Mutations

You reflexively headbutt those who attack you in melee.
You have a pair of horns on your head.


Message History

You kill the gnoll!
Makhleb accepts your kill. Something hits you but does no damage.
Something hits you.
* * * LOW HITPOINT WARNING * * *
Things that are here:
a halberd; a gnoll corpse; a jackal corpse
Found 5 gold pieces.
Something tries to affect you, but you resist.
Sigmund appears from thin air!
Reactivating autopickup.
Sigmund gestures wildly while chanting.
Sigmund flickers and vanishes!
Deactivating autopickup; reactivate with Ctrl-A.
There is a stone staircase leading down here.
You are confused.
You're too confused to move!
A magic dart appears from out of thin air!
The magic dart hits you!
You die...

......>.....................##
#............##.#...#.....#
#####..#.#......##......#..#.####
........_...#+#..<...............
####...#.#..+_+......#.#....))##.
#.........#'#...##...>...)#....
#.........................).#.#
#.........................#....
#.............@...........###.#
#..............>..#..###..# ..
#...............#.##.# #..# #
####'''##########..#.# ##...
######...##### ##...# #....
##§###...###§# ##..# ##.....
#§§§##.8.##§§.# #..# .....
..§.§#...#§§§§§ #### $....
#§§§##...##§§.#


There were no monsters in sight!

Vanquished Creatures
  Grinder (D:4)
  Eustachio (D:4)
  Purgy (Sewer)
  2 ogres (D:4)
  A water moccasin zombie (D:5)
  A howler monkey (D:4)
  A bullfrog skeleton (D:5)
  An orc priest (D:4)
  A gnoll shaman (D:5)
  A hound (D:3)
  An orc wizard (D:4)
  Jessica (D:2)
  Terence (D:2)
  2 worker ants (D:4)
  Robin (D:2)
  4 adders
  4 gnolls (D:5)
  2 oozes
  4 worms
  3 dart slugs
  5 leopard geckos
  10 orcs
  14 bats
  4 giant cockroaches
  5 hobgoblins
  7 jackals
  3 quokkas
  A ball python (D:1)
  2 frilled lizards (D:1)
  8 goblins
  6 kobolds
  8 rats
107 creatures vanquished.

Notes
Turn   | Place    | Note
-------+----------+-------------------------------------------
     0 | D:1      | lysyklops the Minotaur Fighter began the quest for the Orb.
     0 | D:1      | Reached XP level 1. HP: 19/19 MP: 0/0
   407 | D:1      | Reached skill level 4 in Armour
   410 | D:1      | Reached XP level 2. HP: 27/27 MP: 1/1
   746 | D:2      | Noticed Jessica
   749 | D:2      | Killed Jessica
   749 | D:2      | Reached XP level 3. HP: 33/33 MP: 2/2
   802 | D:2      | Noticed Robin
   821 | D:2      | Killed Robin
   821 | D:2      | Reached XP level 4. HP: 28/40 MP: 3/3
   940 | D:2      | Noticed Terence
   952 | D:2      | Killed Terence
  1610 | D:3      | Reached XP level 5. HP: 44/47 MP: 4/4
  1614 | D:3      | Reached skill level 5 in Armour
  1783 | D:3      | Found a glowing drain.
  1810 | Sewer    | Entered a sewer
  1830 | Sewer    | Noticed Purgy
  1842 | Sewer    | Killed Purgy
  1842 | Sewer    | Reached skill level 5 in Fighting
  1842 | Sewer    | Reached skill level 5 in Shields
  1842 | Sewer    | Reached XP level 6. HP: 32/56 MP: 5/5
  2207 | D:3      | Found a burning altar of Makhleb.
  2207 | D:3      | Noticed a balrug
  2211 | D:3      | Noticed a smoke demon
  2211 | D:3      | Noticed an orange demon
  2213 | D:3      | Became a worshipper of Makhleb the Destroyer
  2248 | D:4      | Noticed Grinder
  2265 | D:4      | Killed Grinder
  2265 | D:4      | Reached skill level 5 in Axes
  2265 | D:4      | Reached skill level 6 in Armour
  2479 | D:4      | Reached XP level 7. HP: 47/61 MP: 6/6
  2608 | D:4      | Got a smelly ring mail
  3584 | D:4      | Noticed Eustachio
  3618 | D:4      | Killed Eustachio
  3791 | D:5      | Entered Level 5 of the Dungeon
  3844 | D:5      | Reached XP level 8. HP: 71/71 MP: 7/7
  3858 | D:5      | Found a shattered altar of Ashenzari.
  3885 | D:5      | Reached skill level 7 in Armour
  3888 | D:5      | Found a basalt altar of Yredelemnul.
  3910 | D:5      | Noticed Sigmund
  3918 | D:5      | Reached * piety under Makhleb
  3921 | D:5      | HP: 3/71 [gnoll/halberd (8)]
  3923 | D:5      | HP: 1/71 [something (2)]
  3936 | D:5      | Killed from afar by Sigmund

Skill      XL: |  1  2  3  4  5  6  7  8 |
---------------+-------------------------+-----
Armour         | 4 5 6 7 |  7.0
Axes           | 3 4 5 6 |  6.2
Fighting       | 4 5 6 |  6.7
Shields        | 4 5 6 |  6.6

Action                   |  1- 3 |  4- 6 |  7- 9 || total
-------------------------+-------+-------+-------++-------
Melee: War axe           |    61 |   158 |    43 ||   262
       Headbutt          |    10 |    21 |    15 ||    46
       Broad axe         |       |       |    53 ||    53
  Eat: Ration            |       |     2 |       ||     2
       Chunk             |       |       |     2 ||     2
Armor: Scale mail        |    30 |    80 |    70 ||   180
Dodge: Dodged            |    18 |    55 |    52 ||   125
Block: Shield            |    31 |    92 |    70 ||   193
